 Dungeon Crawl Stone Soup version 0.20.0-8-g6b59dc7 (webtiles) character file.

104 straycat the Skirmisher (level 4, -4/38 HPs)
             Began as a Vampire Wanderer on May 31, 2017.
             Killed from afar by an electric eel (12 damage)
             ... with a bolt of electricity
             ... on level 3 of the Dungeon.
             The game lasted 00:08:53 (2568 turns).

straycat the Skirmisher (Vampire Wanderer)          Turns: 2568, Time: 00:08:54

Health: -4/38      AC:  6    Str: 13    XL:     4   Next: 52%
Magic:  4/4        EV: 11    Int: 13    God:
Gold:   133        SH:  0    Dex: 13    Spells: 3/3 levels left

rFire    . . .     SeeInvis +   a - +2 dagger
rCold    + . .     Gourm    .   (no shield)
rNeg     + + .     Faith    .   s - +0 ring mail
rPois    +         Spirit   .   o - +0 helmet
rElec    .         Reflect  .   (no cloak)
rCorr    .         Harm     .   (no gloves)
MR       .....                  (no boots)
Stlth    +++.......             (no amulet)
Regen    0.1/turn               (no ring)
MPRegen  0.1/turn               (no ring)

@: regenerating slowly
A: fangs 3, see invisible, unbreathing
a: Bat Form


You were on level 3 of the Dungeon.
You were thirsty.

You visited 1 branch of the dungeon, and saw 3 of its levels.

You collected 133 gold pieces.

Inventory:

Hand Weapons
 a - a +2 dagger (weapon)
 j - a +0 mace
 y - a +0 hunting sling
 A - a +2 club
Missiles
 k - 60 stones
 n - 5 tomahawks (quivered)
 p - 57 arrows
 q - 41 sling bullets
 r - 5 exploding tomahawks
Armour
 d - a +0 robe
 h - a +0 scale mail
 o - a +0 helmet (worn)
 s - a +0 ring mail (worn)
Wands
 f - a wand of flame (35/48)
Scrolls
 g - a scroll of remove curse {unknown}
 i - 2 scrolls of recharging {unknown}
 v - 2 scrolls of identify {unknown}
 w - 2 scrolls of immolation {unknown}
 x - a scroll of fear {unknown}
Potions
 b - 2 potions of heal wounds
 c - 3 potions of curing
 e - 24 potions of blood
 l - a potion of might {unknown}
 m - 2 potions of ambrosia {unknown}
 t - a potion of haste {unknown}
 u - a potion of brilliance {unknown}
 z - 2 potions of agility {unknown}


   Skills:
 * Level 4.8 Fighting
 * Level 1.9 Short Blades
 - Level 1.0 Throwing
 - Level 1.5 Armour
 * Level 2.7 Dodging
 * Level 3.9 Stealth


You had 3 spell levels left.
You didn't know any spells.

Dungeon Overview and Level Annotations

Branches:
Dungeon (3/15)

Altars:
Makhleb

Annotations:
D:3 1 transporter


Innate Abilities, Weirdness & Mutations

You heal slowly.
You have razor-sharp teeth.
You have supernaturally acute eyesight. (SInv)
You can survive without breathing.


Message History

Found a transporter.
There is a transporter here.
You enter the transporter and appear at another place.
f - a wand of flame (?/48) As you open the door, it creaks loudly!
The electric eel shoots out a bolt of lightning at you!
The bolt of electricity hits you!
Press: ? - help, v - describe, . - travel
Here: an electric eel (fire blocked by a translucent stone wall) Some shallow water.
The electric eel shoots out a bolt of lightning at you!
The bolt of electricity hits you!
The electric eel shoots out a bolt of lightning at you!
The bolt of electricity misses you. The bolt of electricity hits you!
* * * LOW HITPOINT WARNING * * *
The bolt of electricity hits the plant.
There is an open door here.
The electric eel shoots out a bolt of lightning at you!
The bolt of electricity hits you!
You die...

#.# ##### #####.# ####...#
.. ...#.# #.......
#..###.#.###########.......
...........................
....#...###############..>.
. #.#.#8P#≈≈≈;≈≈≈#P8#...#
#...#..#.......#..#...#
#..©#.@'...♣...+(©#...#
##..#..#.......#..#..##
##.#8P#;≈≈≈≈≈≈#P8#..#
#.###############..#
#..................##
#####.##.########.#.# ...
.# #.###† ...... ... #..
###.#...


You could see 2 electric eels.

Vanquished Creatures
  Jessica (D:3)
  2 adders (D:2)
  An ooze (D:3)
  A worm (D:3)
  11 bats
  2 giant cockroaches
  4 goblins
  9 hobgoblins
  8 kobolds
  A quokka (D:2)
  3 ball pythons
  9 rats
52 creatures vanquished.

Notes
Turn   | Place    | Note
-------+----------+-------------------------------------------
     0 | D:1      | straycat the Vampire Wanderer began the quest for the Orb.
     0 | D:1      | straycat set off with: a +2 dagger, a potion of heal wounds, 2 potions of curing, a +0 robe, a potion of blood
     0 | D:1      | Reached XP level 1. HP: 20/20 MP: 1/1
   372 | D:1      | Reached XP level 2. HP: 26/26 MP: 2/2
   782 | D:1      | Reached skill level 1 in Short Blades
  1037 | D:2      | Reached XP level 3. HP: 31/31 MP: 3/3
  1777 | D:3      | Reached XP level 4. HP: 31/38 MP: 4/4
  1833 | D:3      | Found a burning altar of Makhleb.
  2344 | D:3      | Noticed Jessica
  2356 | D:3      | Killed Jessica
  2517 | D:3      | Found a transporter.
  2551 | D:3      | Found a transporter.
  2568 | D:3      | Killed from afar by an electric eel

Skill      XL: |  1  2  3 |
---------------+----------+-----
Stealth        | 2 3 |  3.9
Short Blades   | 1 |  1.9
Dodging        | 2 |  2.7
Fighting       | |  4.8
Throwing       | |  1.0
Armour         | |  1.5

Action                   |  1- 3 |  4- 6 || total
-------------------------+-------+-------++-------
Melee: Mace              |   144 |     9 ||   153
       Dagger            |     4 |    13 ||    17
       Bite              |     8 |     6 ||    14
 Abil: End Transformatio |       |     1 ||     1
       Bat Form          |       |     1 ||     1
  Use: Potion            |     4 |       ||     4
 Stab: Sleeping          |     6 |     1 ||     7
Armor: Leather armour    |    70 |     1 ||    71
Dodge: Dodged            |   122 |     8 ||   130
